Map: Coda LE (Void)

Players

Bop - Winner!

  • Race: Zerg Zerg

Demosthenes

  • Race: Protoss Protoss

VOD

Have the link to the VOD?

Description

Time

  • Played on: April 30, 2015, 11:26 p.m.
  • Length: 13:26
Show
View Real Time Build Order
Export as new Build Order

Bop Zerg - Winner!

Build Orders: Hatch First, Swarm Host 

Get SALT Encoding   

  12  0:01  Drone  
  13  0:08  Drone  
  14  0:15  Drone, Extractor  
  14  0:21  Extractor  
  13  0:22  Drone  
  16  0:48  Hatchery  
  15  0:57  Spawning Pool  
  14  1:06  Overlord  
  14  1:13  Extractor  
  14  1:14  Drone  
  14  1:16  Drone, Extractor  
  16  1:25  Drone  
  16  1:29  Drone  
  18  1:41  Drone  
  19  1:48  Queen  
  21  1:57  Zergling x2  
  23  2:07  Overlord  
  23  2:09  Extractor  
  22  2:16  Hatchery  
  22  2:20  Overlord  
  21  2:32  Zergling x4  
  23  2:39  Queen  
  25  2:48  Drone  
  25  2:49  Roach Warren  
  25  2:57  Drone  
  26  3:06  Drone  
  26  3:07  Drone x3  
  30  3:16  Metabolic Boost  
  30  3:20  Extractor  
  29  3:31  Drone x3  
  32  3:40  Drone x2  
  34  3:42  Queen  
  36  3:52  Drone  
  36  3:53  Drone x4  
  40  4:07  Lair  
  40  4:09  Drone x2  
  42  4:10  Drone  
  42  4:16  Overlord  
  43  4:20  Evolution Chamber  
  42  4:29  Drone  
  42  4:30  Overlord  
  43  4:40  Drone  
  43  4:41  Drone x4  
  48  4:47  Overlord x2  
  48  4:55  Extractor  
  48  4:56  Extractor  
  48  4:57  Drone  
  48  4:58  Drone x4  
  48  4:59  Drone  
  52  5:07  Zerg Melee Weapons Level 1  
  52  5:09  Drone, Infestation Pit  
  52  5:17  Overseer  
  52  5:30  Zergling x2  
  52  5:31  Zergling x20  
  63  5:41  Overlord  
  63  5:42  Overlord  
  63  5:50  Swarm Host x2  
  63  5:56  Swarm Host  
  72  6:02  Swarm Host  
  75  6:09  Swarm Host  
  75  6:17  Swarm Host  
  75  6:25  Swarm Host  
  73  6:34  Swarm Host  
  75  6:41  Hive  
  75  6:49  Drone  
  76  6:59  Zergling x4  
  76  7:00  Hatchery  
  77  7:07  Zerg Melee Weapons Level 2  
  77  7:19  Drone x12  
  89  7:25  Overseer  
  89  7:27  Overlord  
  89  7:28  Overlord  
  89  7:44  Glial Reconstitution, Extractor  
  89  7:45  Extractor  
  89  7:47  Zergling x4  
  89  7:48  Zergling x14  
  96  7:55  Viper x2  
  102  7:59  Zergling x4  
  102  8:00  Zergling x4  
  103  8:24  Zergling x2  
  103  8:25  Zergling x4  
  105  8:27  Overlord x2  
  105  8:36  Drone  
  105  8:37  Overlord  
  105  8:38  Overseer  
  106  8:45  Queen  
  106  8:47  Drone x6  
  114  8:59  Spire  
  113  9:05  Ultralisk Cavern  
  113  9:08  Zergling x22  
  123  9:16  Hatchery  
  117  9:52  Chitinous Plating  
  117  9:53  Ultralisk  
  117  9:54  Ultralisk, Overlord x2  
  117  9:56  Zerg Melee Weapons Level 3  
  129  10:06  Pneumatized Carapace  
  134  10:21  Ultralisk x2  
  134  10:22  Overlord x2  
  140  10:32  Overlord  
  140  10:33  Overlord  
  140  10:42  Queen  
  142  10:43  Overlord  
  142  10:51  Adrenal Glands  
  142  10:52  Ultralisk  
  142  10:53  Ultralisk x2  
  140  11:19  Ultralisk x3  
  140  11:25  Drone x8  
  164  11:36  Mutalisk x2  
  164  11:38  Overlord  
  167  11:49  Overlord  
  167  12:03  Corruptor x4  
  173  12:19  Zergling x20  
  173  12:20  Zergling x4  
  184  12:30  Overlord x2  
  184  12:43  Overlord  
  178  13:01  Hatchery  
  175  13:15  Hatchery  
Show
View Real Time Build Order
Export as new Build Order

Demosthenes Protoss 

Build Orders:  

Get SALT Encoding   

  12  0:01  Probe  
  13  0:13  Probe  
  14  0:18  Pylon  
  14  0:38  Forge  
  14  0:39  Probe  
  15  0:46  Gateway  
  15  0:51  Probe (Chrono Boost)  
  16  1:01  Probe (Chrono Boost)  
  17  1:08  Probe (Chrono Boost)  
  18  1:12  Assimilator  
  18  1:17  Assimilator  
  18  1:20  Probe (Chrono Boost)  
  19  1:30  Probe (Chrono Boost)  
  20  1:46  Pylon  
  20  1:48  Pylon  
  20  1:52  Pylon x2  
  20  1:53  Pylon  
  20  2:07  Photon Cannon  
  20  2:15  Probe  
  20  2:18  Nexus  
  20  2:22  Pylon  
  21  2:25  Zealot (Chrono Boost)  
  23  2:41  Pylon  
  23  2:43  Pylon  
  23  3:00  Photon Cannon  
  23  3:01  Gateway  
  23  3:06  Cybernetics Core  
  23  3:08  Probe (Chrono Boost)  
  24  3:13  Zealot  
  25  3:22  Probe (Chrono Boost)  
  26  3:32  Probe  
  27  3:40  Gateway  
  27  3:45  Photon Cannon  
  27  3:46  Probe  
  27  3:47  Probe  
  29  3:54  Warp Gate (Chrono Boost)  
  29  3:58  Mothership Core (Chrono Boost)  
  29  3:59  Probe (Chrono Boost)  
  35  4:10  Probe (Chrono Boost)  
  35  4:17  Robotics Facility  
  33  4:18  Probe x2 (Chrono Boost)  
  33  4:22  Protoss Ground Weapons Level 1 (Chrono Boost)  
  35  4:30  Probe (Chrono Boost)  
  37  4:35  Pylon  
  37  4:36  Probe (Chrono Boost)  
  37  4:43  Sentry  
  37  4:45  Probe (Chrono Boost)  
  41  4:46  Probe (Chrono Boost)  
  41  4:51  Pylon  
  41  4:53  Assimilator  
  41  4:57  Probe (Chrono Boost)  
  41  4:58  Assimilator  
  43  5:03  Probe (Chrono Boost)  
  43  5:06  Probe (Chrono Boost)  
  44  5:22  Nexus  
  44  5:24  Pylon  
  44  5:29  Immortal (Chrono Boost)  
  44  5:31  Probe (Chrono Boost)  
  44  5:35  Probe (Chrono Boost)  
  50  5:42  Photon Cannon  
  50  5:47  Probe (Chrono Boost)  
  50  5:48  Probe (Chrono Boost)  
  52  5:56  Probe (Chrono Boost)  
  54  5:58  Probe (Chrono Boost)  
  54  6:02  Twilight Council  
  55  6:04  Probe (Chrono Boost)  
  55  6:09  Stalker  
  55  6:10  Stalker  
  54  6:20  Zealot  
  56  6:32  Stalker  
  54  6:33  Stalker  
  54  6:36  Probe x2 (Chrono Boost), Protoss Ground Weapons Level 2  
  59  6:41  Probe (Chrono Boost)  
  59  6:42  Sentry  
  59  6:43  Warp Prism (Chrono Boost)  
  59  6:46  Probe (Chrono Boost)  
  64  6:49  Probe (Chrono Boost)  
  64  6:51  Robotics Bay  
  64  6:52  Probe  
  67  6:54  Probe  
  67  7:00  Photon Cannon  
  67  7:04  Gateway  
  67  7:09  Gateway  
  67  7:10  Probe  
  67  7:12  Probe  
  67  7:13  Probe  
  70  7:23  Probe  
  70  7:24  Probe  
  70  7:25  Probe  
  70  7:26  Observer (Chrono Boost)  
  68  7:36  Probe  
  69  7:38  Stalker x2  
  69  7:40  Zealot  
  75  7:51  Colossus (Chrono Boost)  
  75  7:53  Extended Thermal Lance (Chrono Boost)  
  81  8:01  Probe  
  80  8:35  Pylon  
  80  8:38  Pylon  
  80  8:42  Pylon  
  80  8:44  Pylon  
  80  8:46  Pylon  
  80  8:47  Pylon  
  80  8:48  Pylon x2  
  80  8:49  Pylon  
  80  8:50  Pylon, Assimilator  
  80  8:51  Pylon  
  80  8:56  Probe x2, Assimilator  
  80  8:57  Blink (Chrono Boost)  
  80  8:58  Colossus  
  88  9:08  Probe x2  
  90  9:20  Probe x2  
  92  9:32  Zealot x2  
  92  9:33  Zealot x3  
  88  9:53  Stalker  
  88  9:54  Stalker x4  
  88  9:57  Nexus  
  99  10:07  Observer (Chrono Boost)  
  99  10:21  Stalker x2  
  99  10:22  Stalker x2  
  99  10:23  Stalker  
  109  10:42  Forge  
  109  10:53  Zealot x2  
  109  10:54  Zealot x2  
  117  10:59  Cybernetics Core  
  55  11:41  Stalker x3  
  55  11:42  Stalker  
  55  11:52  Stalker x4  
  63  12:01  Probe x2 (Chrono Boost)  
  65  12:05  Pylon  
  65  12:07  Nexus  
  65  12:10  Probe (Chrono Boost)  
  65  12:12  Pylon  
  51  12:40  Stalker x3  
  51  12:41  Stalker  
  56  13:04  Zealot x2  
Tags
 
Add a new tag
Caveats
  • Supply blocks, unpowered buildings, or Contaminate may cause inaccurate times.
  • Supply counts are checked every 10 seconds.